MID
GREAT LAKES LOONS @ FORT WAYNE TINCAPS
08/11/2047
 
TOP OF THE 1ST
Great Lakes Loons batting - Pitching for Fort Wayne TinCaps : LHP Dae-Jung Cho
Pitching: LHP Dae-Jung Cho
Batting: SHB Nate Kopchak 0-0: Ball
1-0: Ball
2-0: Foul Ball, location: 2F
2-1: Foul Ball, location: 2F
2-2: Ball
3-2: Reached on error, E6 (Groundball, 6, EV 82.5 MPH)
Batting: LHB Robin More 0-0: Called Strike
0-1: Called Strike
0-2: Ball
1-2: Ball
Wild Pitch!
Nate Kopchak to third
2-2: Ball
3-2: Ground out 1-3 (Groundball, 13S, EV 76.2 MPH)
Batting: LHB Stephen Van Raalte 0-0: Called Strike
0-1: Ball
1-1: Hit by Pitch
Batting: RHB Devon Fourcade 0-0: Called Strike
0-1: Foul Ball, location: 2F
0-2: Strikes out swinging
Batting: RHB Steve Clark 0-0: Called Strike
0-1: Fly out, F7 (Flyball, 7LD, EV 92.5 MPH)
Top of the 1st over - 0 runs, 0 hits, 1 error, 2 left on base; Great Lakes 0 - Fort Wayne 0
BOTTOM OF THE 1ST
Fort Wayne TinCaps batting - Pitching for Great Lakes Loons : RHP Bob Lattin
Pitching: RHP Bob Lattin
Batting: RHB Dave McBain 0-0: Called Strike
0-1: Foul Ball, location: 2F
0-2: Foul Ball, location: 2F
0-2: Strikes out swinging
Batting: RHB Tak-keung Chieu 0-0: Foul Ball, location: 2F
0-1: Called Strike
0-2: Hit by Pitch
Batting: SHB Yutaro Takahashi 0-0: Called Strike
0-1: Foul Ball, location: 2F
0-2: Strikes out looking
Batting: RHB Freddie Brown 0-0: Fly out, F7 (Line Drive, 7S, EV 90.6 MPH)
Bottom of the 1st over - 0 runs, 0 hits, 0 errors, 1 left on base; Great Lakes 0 - Fort Wayne 0
TOP OF THE 2ND
Great Lakes Loons batting - Pitching for Fort Wayne TinCaps : LHP Dae-Jung Cho
Batting: RHB T.J. Jordan 0-0: Ball
1-0: Ball
2-0: Ball
3-0: Called Strike
3-1: Foul Ball, location: 2F
3-2: Foul Ball, location: 2F
3-2: Base on Balls
Batting: LHB Chris Raymond 0-0: Called Strike
0-1: Fielders Choice at 2nd, 3-6 (Groundball, 34, EV 93.8 MPH)
Batting: RHB Trevor Conklin 0-0: Called Strike
0-1: Grounds into double play, 4-6-3 (Groundball, 34S, EV 84.4 MPH)
Top of the 2nd over - 0 runs, 0 hits, 0 errors, 0 left on base; Great Lakes 0 - Fort Wayne 0
BOTTOM OF THE 2ND
Fort Wayne TinCaps batting - Pitching for Great Lakes Loons : RHP Bob Lattin
Pitching: RHP Nobuharu Kobayashi
Batting: RHB Hector Fernandez 0-0: Ball
1-0: Called Strike
1-1: Called Strike
1-2: Strikes out swinging
Batting: LHB Phil Lerner 0-0: Ball
1-0: Ball
2-0: Called Strike
2-1: Ball
3-1: Base on Balls
Batting: RHB Phil McFadden 0-0: Ball
1-0: Called Strike
1-1: Ground out 4-3 (Groundball, 4, EV 104.4 MPH)
Phil Lerner to second
Batting: RHB Kyle Ashton 0-0: Ball
1-0: Swinging Strike
1-1: Ground out 3-1 (Groundball, 34S, EV 85.0 MPH)
Bottom of the 2nd over - 0 runs, 0 hits, 0 errors, 1 left on base; Great Lakes 0 - Fort Wayne 0
TOP OF THE 3RD
Great Lakes Loons batting - Pitching for Fort Wayne TinCaps : LHP Dae-Jung Cho
Batting: SHB Xavier Alaniz 0-0: Ground out 5-3 (Groundball, 56, EV 90.0 MPH)
Batting: SHB Nate Kopchak 0-0: Called Strike
0-1: Foul Ball, location: 2F
0-2: Foul Ball, location: 2F
0-2: Strikes out swinging
Batting: LHB Robin More 0-0: Hit by Pitch
Batting: LHB Stephen Van Raalte 0-0: Ball
1-0: Foul Ball, location: 2F
1-1: Foul Ball, location: 2F
1-2: Ball
2-2: Strikes out looking
Top of the 3rd over - 0 runs, 0 hits, 0 errors, 1 left on base; Great Lakes 0 - Fort Wayne 0
BOTTOM OF THE 3RD
Fort Wayne TinCaps batting - Pitching for Great Lakes Loons : RHP Nobuharu Kobayashi
Batting: RHB Ed Oake 0-0: Ball
1-0: Swinging Strike
1-1: Swinging Strike
1-2: Foul Ball, location: 2F
1-2: Strikes out swinging
Batting: RHB Dave McBain 0-0: Ball
1-0: Foul Ball, location: 2F
1-1: SINGLE (Groundball, 56S, EV 70.6 MPH) (infield hit)
Batting: RHB Tak-keung Chieu 0-0: Ball
1-0: Called Strike
1-1: Ball
2-1: Foul Ball, location: 2F
2-2: Ball
3-2: Strikes out looking
Dave McBain is caught stealing 2nd base 2-4
Batter strikes out.
Bottom of the 3rd over - 0 runs, 1 hit, 0 errors, 0 left on base; Great Lakes 0 - Fort Wayne 0
TOP OF THE 4TH
Great Lakes Loons batting - Pitching for Fort Wayne TinCaps : LHP Dae-Jung Cho
Batting: RHB Devon Fourcade 0-0: Called Strike
0-1: Foul Ball, location: 2F
0-2: Ball
1-2: Foul Ball, location: 2F
1-2: Ball
2-2: SOLO HOME RUN (Flyball, 7D, EV 100.0 MPH), Distance : 388 ft
Batting: RHB Steve Clark 0-0: Called Strike
0-1: Ball
1-1: Swinging Strike
1-2: Strikes out swinging
Batting: RHB T.J. Jordan 0-0: Ball
1-0: Called Strike
1-1: Ball
2-1: Ball
3-1: Base on Balls
Batting: LHB Chris Raymond 0-0: Called Strike
0-1: Called Strike
0-2: Strikes out swinging
Batting: RHB Trevor Conklin 0-0: Ball
1-0: Fielders Choice at 2nd, 4-6 (Groundball, 4MD, EV 102.5 MPH)
Top of the 4th over - 1 run, 1 hit, 0 errors, 1 left on base; Great Lakes 1 - Fort Wayne 0
BOTTOM OF THE 4TH
Fort Wayne TinCaps batting - Pitching for Great Lakes Loons : RHP Nobuharu Kobayashi
Batting: SHB Yutaro Takahashi 0-0: SINGLE (Groundball, 56D, EV 101.2 MPH)
Batting: RHB Freddie Brown 0-0: Called Strike
Yutaro Takahashi steals 2nd base
0-1: Fly out, F9 (Flyball, 89S, EV 88.8 MPH)
Batting: RHB Hector Fernandez 0-0: Foul Ball, location: 2F
0-1: Foul Ball, location: 2F
0-2: Ball
1-2: Strikes out swinging
Batting: LHB Phil Lerner 0-0: Ball
1-0: Ground out 6-3 (Groundball, 6M, EV 79.4 MPH)
Bottom of the 4th over - 0 runs, 1 hit, 0 errors, 1 left on base; Great Lakes 1 - Fort Wayne 0
TOP OF THE 5TH
Great Lakes Loons batting - Pitching for Fort Wayne TinCaps : LHP Dae-Jung Cho
Batting: SHB Xavier Alaniz 0-0: Fly out, F8 (Flyball, 8LM, EV 91.2 MPH)
Batting: SHB Nate Kopchak 0-0: Swinging Strike
0-1: Foul Ball, location: 2F
0-2: Ball
1-2: Ground out 5-3 (Groundball, 56S, EV 79.4 MPH)
Batting: LHB Robin More 0-0: Ball
1-0: Called Strike
1-1: Foul Ball, location: 2F
1-2: Foul Ball, location: 2F
1-2: Strikes out swinging
Top of the 5th over - 0 runs, 0 hits, 0 errors, 0 left on base; Great Lakes 1 - Fort Wayne 0
BOTTOM OF THE 5TH
Fort Wayne TinCaps batting - Pitching for Great Lakes Loons : RHP Nobuharu Kobayashi
Batting: RHB Phil McFadden 0-0: Called Strike
0-1: Swinging Strike
0-2: Ball
1-2: Ball
2-2: Foul Ball, location: 2F
2-2: Strikes out looking
Batting: RHB Kyle Ashton 0-0: Swinging Strike
0-1: Ball
1-1: Called Strike
1-2: Strikes out looking
Batting: RHB Ed Oake 0-0: Ground out 5-3 (Groundball, 56, EV 81.9 MPH)
Bottom of the 5th over - 0 runs, 0 hits, 0 errors, 0 left on base; Great Lakes 1 - Fort Wayne 0
TOP OF THE 6TH
Great Lakes Loons batting - Pitching for Fort Wayne TinCaps : LHP Dae-Jung Cho
Batting: LHB Stephen Van Raalte 0-0: Called Strike
0-1: Ball
1-1: Swinging Strike
1-2: Strikes out looking
Batting: RHB Devon Fourcade 0-0: Ball
1-0: Swinging Strike
1-1: Foul Ball, location: 2F
1-2: Foul Ball, location: 2F
1-2: Ball
2-2: Strikes out swinging
Batting: RHB Steve Clark 0-0: Ball
1-0: Swinging Strike
1-1: Foul Ball, location: 2F
1-2: Ball
2-2: Strikes out looking
Top of the 6th over - 0 runs, 0 hits, 0 errors, 0 left on base; Great Lakes 1 - Fort Wayne 0
BOTTOM OF THE 6TH
Fort Wayne TinCaps batting - Pitching for Great Lakes Loons : RHP Nobuharu Kobayashi
Batting: RHB Dave McBain 0-0: Fly out, F9 (Line Drive, 89S, EV 100.6 MPH)
Batting: RHB Tak-keung Chieu 0-0: Ball
1-0: Ground out 5-3 (Groundball, 5L, EV 75.6 MPH)
Batting: SHB Yutaro Takahashi 0-0: Called Strike
0-1: Ball
1-1: Foul Ball, location: 2F
1-2: Foul Ball, location: 2F
1-2: Ground out 2-3 (Groundball, 15S, EV 73.1 MPH)
Bottom of the 6th over - 0 runs, 0 hits, 0 errors, 0 left on base; Great Lakes 1 - Fort Wayne 0
TOP OF THE 7TH
Great Lakes Loons batting - Pitching for Fort Wayne TinCaps : LHP Dae-Jung Cho
Pitching: LHP Dan Gatlin
Batting: RHB T.J. Jordan 0-0: Ball
1-0: Ball
2-0: Called Strike
2-1: Ground out 5-3 (Groundball, 15, EV 83.8 MPH)
Batting: LHB Chris Raymond 0-0: Foul Ball, location: 2F
0-1: Ground out 6-3 (Groundball, 6S, EV 84.4 MPH)
Batting: RHB Trevor Conklin 0-0: Ball
1-0: Foul Ball, location: 2F
1-1: Called Strike
1-2: Strikes out swinging
Top of the 7th over - 0 runs, 0 hits, 0 errors, 0 left on base; Great Lakes 1 - Fort Wayne 0
BOTTOM OF THE 7TH
Fort Wayne TinCaps batting - Pitching for Great Lakes Loons : RHP Nobuharu Kobayashi
Pitching: RHP Carlos Llamas
Batting: RHB Freddie Brown 0-0: Ball
1-0: Foul Ball, location: 2F
1-1: Foul Ball, location: 2F
1-2: Strikes out swinging
Batting: RHB Hector Fernandez 0-0: Foul Ball, location: 2F
0-1: Ball
1-1: Swinging Strike
1-2: Foul Ball, location: 2F
1-2: Ball
2-2: SINGLE (Groundball, 4MD, EV 108.8 MPH)
Batting: LHB Phil Lerner 0-0: Called Strike
0-1: Foul Ball, location: 2F
0-2: Ball
1-2: Ball
2-2: Ball
3-2: Ground out 5-3 (Groundball, 5, EV 92.5 MPH)
Hector Fernandez to second
Batting: RHB Phil McFadden 0-0: Foul Ball, location: 2F
0-1: Swinging Strike
0-2: Ball
1-2: Foul Ball, location: 2F
1-2: Ball
2-2: Ball
3-2: Foul Ball, location: 2F
3-2: Foul Ball, location: 2F
3-2: Base on Balls
Batting: RHB Kyle Ashton 0-0: Foul Ball, location: 2F
0-1: Ball
Wild Pitch!
Hector Fernandez to third
Phil McFadden to second
1-1: Called Strike
1-2: Strikes out swinging
Bottom of the 7th over - 0 runs, 1 hit, 0 errors, 2 left on base; Great Lakes 1 - Fort Wayne 0
TOP OF THE 8TH
Great Lakes Loons batting - Pitching for Fort Wayne TinCaps : LHP Dan Gatlin
Batting: SHB Xavier Alaniz 0-0: Called Strike
0-1: Ball
1-1: SINGLE (Groundball, 6MD, EV 99.4 MPH)
Batting: SHB Nate Kopchak 0-0: Bunted foul
0-1: Ball
1-1: Bunted foul
1-2: Ball
2-2: Strikes out swinging
Batting: LHB Robin More 0-0: Foul Ball, location: 2F
0-1: SINGLE (Groundball, 34S, EV 69.4 MPH) (infield hit)
Xavier Alaniz to second
Batting: LHB Stephen Van Raalte 0-0: Called Strike
0-1: 3-RUN HOME RUN (Flyball, 9D, EV 98.1 MPH), Distance : 382 ft
Pitching: RHP Alberto Cuevas
Batting: RHB Devon Fourcade 0-0: Ball
1-0: Ball
2-0: Called Strike
2-1: Called Strike
2-2: Ball
3-2: SINGLE (Groundball, 56, EV 100.0 MPH)
Batting: RHB Steve Clark 0-0: Ball
1-0: Ball
2-0: Called Strike
2-1: Ball
3-1: Base on Balls
Devon Fourcade to second
Batting: RHB T.J. Jordan 0-0: Foul Ball, location: 2F
0-1: Foul Ball, location: 2F
0-2: Ball
1-2: Strikes out swinging
Batting: LHB Chris Raymond 0-0: Called Strike
0-1: Foul Ball, location: 2F
0-2: Ball
1-2: Fly out, F7 (Line Drive, 78S, EV 92.5 MPH)
Top of the 8th over - 3 runs, 4 hits, 0 errors, 2 left on base; Great Lakes 4 - Fort Wayne 0
BOTTOM OF THE 8TH
Fort Wayne TinCaps batting - Pitching for Great Lakes Loons : RHP Carlos Llamas
Pitching: RHP Isidro Aguirre
Batting: RHB Ed Oake 0-0: Ball
1-0: Called Strike
1-1: Foul Ball, location: 2F
1-2: Ball
2-2: Fly out, F3 (Line Drive, 3L, EV 62.5 MPH)
Batting: RHB Dave McBain 0-0: Foul Ball, location: 2F
0-1: SINGLE (Line Drive, 56, EV 98.8 MPH)
Batting: RHB Tak-keung Chieu 0-0: Swinging Strike
0-1: Foul Ball, location: 2F
0-2: Foul Ball, location: 2F
0-2: Ball
1-2: Ground out 6-3 (Groundball, 6S, EV 64.4 MPH)
Dave McBain to second
Batting: SHB Yutaro Takahashi 0-0: Swinging Strike
0-1: Ball
1-1: Foul Ball, location: 2F
1-2: Strikes out swinging
Bottom of the 8th over - 0 runs, 1 hit, 0 errors, 1 left on base; Great Lakes 4 - Fort Wayne 0
TOP OF THE 9TH
Great Lakes Loons batting - Pitching for Fort Wayne TinCaps : RHP Alberto Cuevas
Batting: RHB Trevor Conklin 0-0: Ball
1-0: Ball
2-0: Ground out 3-1 (Groundball, 34, EV 101.2 MPH)
Batting: SHB Xavier Alaniz 0-0: Ball
1-0: Foul Ball, location: 2F
1-1: Called Strike
1-2: Strikes out swinging
Batting: SHB Nate Kopchak 0-0: Ground out U3 (Groundball, 3, EV 86.9 MPH)
Top of the 9th over - 0 runs, 0 hits, 0 errors, 0 left on base; Great Lakes 4 - Fort Wayne 0
BOTTOM OF THE 9TH
Fort Wayne TinCaps batting - Pitching for Great Lakes Loons : RHP Isidro Aguirre
Now in LF: Justin Toth
Batting: RHB Freddie Brown 0-0: Called Strike
0-1: Swinging Strike
0-2: Ball
1-2: Foul Ball, location: 2F
1-2: Foul Ball, location: 2F
1-2: Ball
2-2: Foul Ball, location: 2F
2-2: Fly out, F7 (Line Drive, 7, EV 98.1 MPH)
Batting: RHB Hector Fernandez 0-0: Called Strike
0-1: Ball
1-1: Ball
2-1: Swinging Strike
2-2: Strikes out looking
Batting: LHB Phil Lerner 0-0: Ball
1-0: Foul Ball, location: 2F
1-1: Reached on error, E5 (Groundball, 56, EV 103.8 MPH)
Batting: RHB Phil McFadden 0-0: Swinging Strike
0-1: Called Strike
0-2: Ball
1-2: Ball
2-2: Strikes out looking
Bottom of the 9th over - 0 runs, 0 hits, 1 error, 1 left on base; Great Lakes 4 - Fort Wayne 0
Thursday, December 15th , 2022 - OOTP Baseball 23.9 Build 102